 Dungeon Crawl Stone Soup version 0.25-a0-550-g26026c6 (webtiles) character file.

Game seed: 5489819093966799909, levelgen mode: deterministic

148 Faels the Insei (level 5, -10/38 HPs)
             Began as a Human Transmuter on Feb 23, 2020.
             Was an Initiate of Okawaru.
             Killed by divine providence
             ... invoked by an orc priest
              (12 damage)
             ... on level 3 of the Dungeon.
             The game lasted 00:12:30 (4480 turns).

Faels the Insei (Human Transmuter)                  Turns: 4480, Time: 00:12:31

Health: -10/38     AC:  6    Str: 13    XL:     5   Next: 56%
Magic:  2/9        EV: 13    Int: 12    God:    Okawaru [......]
Gold:   176        SH:  5    Dex: 20    Spells: 5/8 levels left

rFire    . . .     SeeInvis .   f - +0 mace
rCold    . . .     Gourm    .   q - +0 buckler
rNeg     . . .     Faith    .   b - +1 robe
rPois    .         Spirit   .   t - +2 hat
rElec    .         Reflect  .   j - +0 cloak
rCorr    .         Harm     .   (no gloves)
MR       .....                  (no boots)
Stlth    ++........             (no amulet)
HPRegen  0.12/turn              m - +6 ring of dexterity
MPRegen  0.11/turn              o - +3 ring of strength

@: very slightly contaminated
A: dopey 1, high mp 1
a: Renounce Religion


You were on level 3 of the Dungeon.
You worshipped Okawaru.
Okawaru was noncommittal.
You were not hungry.

You visited 1 branch of the dungeon, and saw 3 of its levels.

You collected 176 gold pieces.

Inventory:

Hand Weapons
 f - a +0 mace (weapon)
 i - a +0 halberd of venom
Missiles
 a - 41 arrows
 n - 16 poisoned darts (quivered)
Armour
 b - a +1 robe (worn)
 e - a +0 chain mail
 j - a +0 cloak (worn)
 q - a +0 buckler (worn)
 t - a +2 hat (worn)
Jewellery
 c - an uncursed amulet of guardian spirit
 m - a +6 ring of dexterity (left hand)
 o - a +3 ring of strength (right hand)
Scrolls
 h - a scroll of remove curse
 k - a scroll of magic mapping {unknown}
 l - a scroll of immolation {unknown}
 p - a scroll of blinking {unknown}
 s - a scroll of teleportation {unknown}
Comestibles
 d - 6 rations
 g - 3 chunks of flesh


   Skills:
 - Level 2.1 Fighting
 - Level 2.5 Maces & Flails
 - Level 2.7 Dodging
 - Level 1.4 Stealth
 + Level 1.1 Shields
 - Level 3.1 Unarmed Combat
 - Level 2.1 Spellcasting
 - Level 2.2 Transmutations


You had 5 spell levels left.
You knew the following spells:

 Your Spells              Type           Power        Failure   Level  Hunger
a - Beastly Appendage     Tmut           #.....       16%         1    ##.....
b - Sticks to Snakes      Tmut           #.......     24%         2    ###....

Your spell library contained the following spells:

 Spells                   Type           Power        Failure   Level  Hunger
 Spider Form              Tmut/Pois      #.........   58%         3    ####...
 Ice Form                 Ice/Tmut       #.......     94%         4    #####..
 Blade Hands              Tmut           #.........   99%         5    ######.


Dungeon Overview and Level Annotations

Branches:
Dungeon (3/15)

Altars:
Fedhas
Nemelex Xobeh
Okawaru
Wu Jian


Innate Abilities, Weirdness & Mutations

You are dopey. (Int -2)
You have an increased reservoir of magic. (+10% MP)


Message History

Your adder closely misses the orc wizard.
It was a potion of mutation.
You feel extremely strange.
You feel stupid.
You feel more energetic.
The orc wizard hits you but does no damage.
You block the ooze's attack. You block the orc priest's attack.
Your adder bites the orc wizard but does no damage.
The orc wizard completely misses your adder.
You closely miss the orc priest.
The orc priest is severely wounded.
The orc wizard gestures wildly while chanting.
The orc wizard blinks!
The ooze hits you.
* * * LOW HITPOINT WARNING * * *
The orc priest barely misses you.
You hit the orc priest.
The orc priest is almost dead.
The ooze hits you.
* * * LOW HITPOINT WARNING * * *
The orc priest invokes the aid of Beogh against you.
Beogh smites you!
You die...

#............ ..# #.# #.
#...........# ..# #.# #.
##........... o. #. #.
#.........## .### #.
#.........######...###.
#.........##.)?........
##.#.####.##.##....###.#
#.#.####.#.J§.........##.#
#.#......#S>@o........##.#
#.######..............##.#
#.# #...o......###.##.# #.##
#..........# #.##.# #.#..
.......#....# #.##.#
#....###.#...#..### #.##.# #
#.....##.##..#..# #.##.## #
.......#.##..#.######.....###
.........##...........##.....


You could see an orc priest, an orc wizard, an ooze and a friendly adder.

Vanquished Creatures
  An iguana (D:3)
  2 gnolls
  2 adders
  An ooze (D:1)
  2 dart slugs (D:1)
  3 leopard geckos
  An orc (D:3)
  3 ball pythons
  12 bats
  2 giant cockroaches
  13 hobgoblins
  3 jackals (D:3)
  3 quokkas
  2 frilled lizards
  8 goblins
  4 kobolds
  3 rats
65 creatures vanquished.

Vanquished Creatures (collateral kills)
  A gnoll (D:1)
1 creature vanquished.

Grand Total: 66 creatures vanquished

Notes
Turn   | Place    | Note
-------+----------+-------------------------------------------
     0 | D:1      | Faels the Human Transmuter began the quest for the Orb.
     0 | D:1      | Reached XP level 1. HP: 15/15 MP: 3/3
    54 | D:1      | Reached XP level 2. HP: 6/21 MP: 3/5
   626 | D:1      | Learned a level 2 spell: Sticks to Snakes
   709 | D:1      | Found a sparkling altar of Nemelex Xobeh.
   713 | D:1      | Reached XP level 3. HP: 15/26 MP: 6/6
  1179 | D:1      | Reached skill level 1 in Stealth
  1912 | D:1      | Reached XP level 4. HP: 31/33 MP: 7/7
  2411 | D:2      | Found an iron altar of Okawaru.
  2422 | D:2      | Became a worshipper of Warmaster Okawaru
  2475 | D:2      | Reached skill level 1 in Maces & Flails
  3290 | D:2      | Found an ornate altar of the Wu Jian Council.
  3394 | D:2      | Reached XP level 5. HP: 32/38 MP: 8/8
  4022 | D:3      | Found a blossoming altar of Fedhas.
  4337 | D:3      | Reached skill level 1 in Shields
  4478 | D:3      | Gained mutation: You are dopey. (Int -2) [potion of
                  | mutation]
  4478 | D:3      | Gained mutation: You have an increased reservoir of magic.
                  | (+10% MP) [potion of mutation]
  4480 | D:3      | Killed from afar by an orc priest

Levels and vault maps discovered:
D:1:      doesnt_arrival_eight_statues, layout_rooms,
          nemelex_xobeh_ov_fountains_minmay
D:2:      layout_rooms, marbit_many_paths, first_ration,
          okawaru_ov_weapons_minmay
D:3:      layout_loops_ring, fedhas_ov_isle_minmay, uniq_sigmund

Skill      XL: |  1  2  3  4  5 |
---------------+----------------+-----
Stealth        | 1 |  1.4
Maces & Flails | 1 2 |  2.5
Fighting       | 2 |  2.1
Shields        | 1 |  1.1
Dodging        | |  2.7
Unarmed Combat | |  3.1
Spellcasting   | |  2.1
Transmutations | |  2.2

Action                   |  1- 3 |  4- 6 || total
-------------------------+-------+-------++-------
Melee: Unarmed           |    42 |       ||    42
       Mace              |    63 |   150 ||   213
       Headbutt          |     2 |     4 ||     6
       Kick              |     1 |     6 ||     7
 Cast: Beastly Appendage |     5 |     7 ||    12
       Sticks to Snakes  |     4 |     7 ||    11
  Use: Scroll            |       |     3 ||     3
       Potion            |       |     2 ||     2
 Stab: Sleeping          |     2 |     4 ||     6
  Eat: Chunk             |     2 |     7 ||     9
       Ration            |       |     1 ||     1
Armor: Robe              |    39 |    59 ||    98
Dodge: Dodged            |   111 |   149 ||   260
Block: Buckler           |       |    25 ||    25

Table legend:
 A = Non-vault XP
 B = Vault XP
 C = Vault XP percentage of total XP
 D = Non-vault monster count
 E = Vault monster count
 F = Vault count percentage of total count
                 A         B        C        D         E       F
            +---------+---------+-------+---------+---------+-------
      Total |     211 |       1 |   0.5 |      65 |       1 |   1.5
            +---------+---------+-------+---------+---------+-------
        D:1 |      99 |       0 |   0.0 |      33 |       0 |   0.0
        D:2 |      44 |       1 |   2.2 |      14 |       1 |   6.7
        D:3 |      68 |       0 |   0.0 |      18 |       0 |   0.0
            +---------+---------+-------+---------+---------+-------
